 Dungeon Crawl Stone Soup version 0.26-a0-597-gb535b0901c (webtiles) character file.

Game seed: 4911732513112350077

136666 kobby the Nimble (level 17, -1/135 HPs)
             Began as a Gnoll Monk on Aug 30, 2020.
             Was the Champion of Qazlal.
             Slain by a +0 vorpal war axe (18 damage)
             ... on level 1 of the Elven Halls.
             The game lasted 01:29:07 (31422 turns).

kobby the Nimble (Gnoll Monk)                      Turns: 31422, Time: 01:29:08

Health: -1/135     AC: 18    Str: 22    XL:     17   Next: 22%
Magic:  32/32      EV: 23    Int: 15    God:    Qazlal [******]
Gold:   65         SH: 18    Dex: 20    Spells: 23/38 levels left

rFire    + + .     SeeInvis +   W - +8 long sword "Virar" {drain, rN+}
rCold    x . .     Faith    .   c - +2 buckler
rNeg     + + .     Spirit   .   C - +3 robe "Izupaif" {rC- rCorr Int+2 Slay+5}
rPois    +         Reflect  .   y - +2 helmet {SInv}
rElec    .         Harm     .   A - scarf {repulsion}
rCorr    +                      s - +2 pair of gloves
MR       +....                  D - +1 pair of boots of Subjectivity {rF+ rN+}
Stlth    ++........             Q - amulet of regeneration
HPRegen  0.72/turn              R - ring of poison resistance
MPRegen  0.23/turn              S - ring of protection from fire

@: protected from physical damage, repel missiles
A: distributed training, fangs 1, agile 1, screaming 1, strong 1, strong nose
a: Upheaval, Elemental Force, Disaster Area, Renounce Religion


You were on level 1 of the Elven Halls.
You worshipped Qazlal.
Qazlal was exalted by your worship.
You visited 5 branches of the dungeon, and saw 26 of its levels.
You also visited: Ossuary.

You collected 3486 gold pieces.
You spent 3421 gold pieces at shops.

Inventory:

Hand Weapons
 a - a +0 scimitar of flaming
 I - a +0 long sword of holy wrath
 W - the +8 long sword "Virar" (weapon) {drain, rN+}
   (You bought it in a shop on level 2 of the Orcish Mines)

   A truly terrible weapon, it drains the life of those it strikes.
   It protects you from negative energy.
Armour
 c - a +2 buckler (worn)
 s - a +2 pair of gloves (worn)
 y - a +2 helmet of see invisible (worn)
 A - a scarf of repulsion (worn)
 C - the +3 robe "Izupaif" (worn) {rC- rCorr Int+2 Slay+5}
   (You found it on level 4 of the Lair of Beasts)

   It affects your intelligence (+2).
   It affects your accuracy and damage with ranged weapons and melee attacks
   (+5).
   It makes you vulnerable to cold.
   It provides partial protection from all sources of acid and corrosion.
 D - the +1 pair of boots of Subjectivity (worn) {rF+ rN+}
   (You found it on level 6 of the Lair of Beasts)

   It protects you from fire.
   It protects you from negative energy.
 N - a scarf of resistance
 P - the cursed +0 pair of boots "Oleyt" {Harm Int+6 Dex-4}
   (You found it on level 12 of the Dungeon)

   It affects your intelligence (+6).
   It affects your dexterity (-4).
   It increases damage dealt and taken.
   It has a curse placed upon it.
Jewellery
 j - an uncursed ring of resist corrosion
 u - an uncursed ring of flight
 G - an uncursed amulet of reflection
 L - the ring "Bakouxke" {rPois rC- MR+++ Int-2 SInv}
   (You bought it in a shop on level 2 of the Elven Halls)

   [ring of see invisible]

   It affects your intelligence (-2).
   It makes you vulnerable to cold.
   It protects you from poison.
   It affects your resistance to hostile enchantments.
   It lets you see invisible.
 Q - an amulet of regeneration (around neck)
 R - a ring of poison resistance (left hand)
 S - a ring of protection from fire (right hand)
 Z - an uncursed ring of see invisible {unknown}
Wands
 H - a wand of digging (11)
 M - a wand of disintegration (23)
 O - a wand of iceblast (20)
 T - a wand of acid (19)
Scrolls
 b - a scroll of enchant armour
 f - 10 scrolls of teleportation
 g - a scroll of vulnerability {unknown}
 i - 9 scrolls of identify
 m - 4 scrolls of enchant weapon
 n - 13 scrolls of remove curse
 t - 4 scrolls of fear
 v - a scroll of summoning
 J - a scroll of brand weapon
 K - 6 scrolls of magic mapping
Potions
 e - a potion of might
 k - 6 potions of haste
 l - a potion of resistance
 p - 5 potions of curing
 z - a potion of berserk rage {unknown}
 B - 5 potions of flight
 E - 4 potions of stabbing
 X - a potion of invisibility
 Y - a potion of cancellation


   Skills:
 + Level 12.8 Fighting
 + Level 11.3 Short Blades
 + Level 11.3 Long Blades
 + Level 12.8 Axes
 + Level 11.3 Maces & Flails
 + Level 11.3 Polearms
 + Level 11.3 Staves
 + Level 11.3 Slings
 + Level 11.3 Bows
 + Level 11.3 Crossbows
 + Level 11.3 Throwing
 + Level 11.3 Armour
 + Level 13.0 Dodging
 + Level 12.0 Stealth
 + Level 11.3 Shields
 + Level 11.3 Unarmed Combat
 + Level 11.3 Spellcasting
 + Level 9.7 Conjurations
 + Level 9.7 Hexes
 + Level 9.7 Summonings
 + Level 9.7 Necromancy
 + Level 9.7 Translocations
 + Level 9.7 Transmutations
 + Level 9.7 Fire Magic
 + Level 9.7 Ice Magic
 + Level 9.7 Air Magic
 + Level 9.7 Earth Magic
 + Level 9.7 Poison Magic
 + Level 12.2 Invocations
 + Level 11.3 Evocations


You had 23 spell levels left.
You knew the following spells:

 Your Spells              Type           Power        Failure   Level
a - Lightning Bolt        Conj/Air       #####.....   4%          5
b - Swiftness             Air            #####...     1%          2
c - Iskenderun's Battles  Conj           #####...     4%          5
d - Summon Guardian Gole  Hex/Summ       #####...     1%          3

Your spell library contained the following spells:

 Spells                   Type           Power        Failure   Level
 Corona                   Hex            #####..      1%          1
 Magic Dart               Conj           ####         1%          1
 Shock                    Conj/Air       ####         1%          1
 Blink                    Tloc           N/A          1%          2
 Call Imp                 Summ           #####...     1%          2
 Ensorcelled Hibernation  Hex/Ice        #####.       1%          2
 Poisonous Vapours        Pois/Air       #####.       1%          2
 Slow                     Hex            #####...     1%          2
 Call Canine Familiar     Summ           #####...     1%          3
 Confusing Touch          Hex            #####...     1%          3
 Conjure Flame            Conj/Fire      #####...     1%          3
 Dazzling Flash           Conj/Hex       #####.       1%          3
 Mephitic Cloud           Conj/Pois/Air  #####...     1%          3
 Static Discharge         Conj/Air       #####...     1%          3
 Tukima's Dance           Hex            #####...     1%          3
 Airstrike                Air            #####.....   1%          4
 Bolt of Magma            Conj/Fire/Erth #####.....   4%          5
 Freezing Cloud           Conj/Ice/Air   #####.....   24%         6
 Dragon's Call            Summ           #####.....   100%        9


Dungeon Overview and Level Annotations

Branches:
Dungeon (15/15)            Temple (0/1) D:4            Lair (6/6) D:9
 Shoals (0/4) Lair:4       Spider (1/4) Lair:2        Slime (0/5) Lair:5
    Orc (2/2) D:12            Elf (2/3) Orc:2        Vaults (0/5) D:13
 Depths (0/5) D:15        Ossuary (visited)

Altars:
Cheibriados
Dithmenos
Gozag
Hepliaklqana
Kikubaaqudgha
Makhleb
Nemelex Xobeh
Okawaru
Qazlal
Ru
Trog
Vehumet
Yredelemnul
Zin
Beogh
Jiyva

Shops:
D:4 [   D:7 :   D:12 *   D:13 !   D:15 *   Orc:2 =}!(   Elf:2 }(=}=:(


Innate Abilities, Weirdness & Mutations

Your experience applies equally to all skills.
You have very sharp teeth.
Your uncanny sense of smell can sniff out nearby items.
You are agile. (Dex +2)
You occasionally shout uncontrollably at your foes.
Your muscles are strong. (Str +2)


Message History

Your surroundings suddenly seem different.
You hear a shout!
The battlesphere moves out of view.
The deep elf mage moves out of view.
There is a stone staircase leading down here.
There is an entrance to Xotuator's Jewellery Boutique here.
The +0 vorpal war axe hits you.
* * * LOW HITPOINT WARNING * * *
x2 The +0 vorpal war axe hits you.
* * * LOW HITPOINT WARNING * * *
x2 The +0 vorpal war axe misses you.
You riposte.
You slash the +0 vorpal war axe!
The +0 vorpal war axe is heavily damaged.
There is a stone staircase leading up here.
The +0 vorpal war axe hits you!!
* * * LOW HITPOINT WARNING * * *
x2 You climb upwards.
There is a stone staircase leading down here.
You feel better.
You block the +0 vorpal war axe's attack.
The +0 vorpal war axe hits you!!
You die...

'.......#.####'####.#..##.# #
#......................##.# #
#.........###.#.##.+...##.# #
##.......'###...####.####.# #
##'.....##.###### ##.###.# #
#(####'####'#...## ##.##'###
'## #.# ##..○..## ##+#...## ##
###'####...§...# ##.....##
.###.....##.....@.#####.......#
###.......##.....('...'.......#
##.........#..☼.○######......(#
##.........##...#+## ##.....##
#.........#######.## ##...##
##.........# ######.## #####
##.........###...###.##
.#'.......##.......##.##
..##.....#'....^.....#.##


You could see a +0 vorpal war axe.

Vanquished Creatures
  Jorgrun (Lair:2)
  Gastronok (Lair:1)
  A ghost moth (Spider:1)
  An emperor scorpion (Lair:2)
  Louise (D:15)
  An entropy weaver (Spider:1)
  Nessos (D:14)
  A deep elf annihilator (Elf:1)
  The ghost of Xanase the Cleaver, a journeyman DDFi of Makhleb (Orc:1)
  Snorg (D:12)
  2 yaktaur captains
  Josephine (D:11)
  7 hydras
  2 peacekeepers (Elf:2)
  The ghost of Libboc the Eclecticist, a journeyman DEFE of Vehumet (Lair:5)
  A centaur warrior (D:15)
  3 catoblepae (Lair:6)
  14 death yaks
  10 dancing weapons
  3 two-headed ogres
  3 orc high priests (Orc:2)
  Urug (D:10)
  Sonja (Lair:3)
  7 deep elf knights
  A wizard (D:15)
  4 unseen horrors
  3 deep elf archers
  Pikel (D:4)
  3 orb spiders (Spider:1)
  4 orc knights (Orc:2)
  6 ugly things (D:15)
  30 deep elf magi
  3 manticores
  5 orc sorcerers
  8 wolf spiders
  3 cyclopes
  4 black mambas
  11 elephants
  3 torpor snails (Lair:6)
  14 cane toads
  4 gargoyles
  2 yaktaurs (D:13)
  4 rime drakes
  An efreet (D:15)
  5 komodo dragons
  A demonic crawler (Spider:1)
  A redback zombie (D:15)
  5 trolls
  A merfolk (Lair:4)
  A hornet (Lair:1)
  3 polar bears
  13 jumping spiders
  Grinder (D:4)
  27 blink frogs
  Prince Ribbit (D:7)
  10 hippogriffs
  An air elemental (Elf:2)
  8 wraiths
  A meliai zombie (D:13)
  5 tarantellas
  30 redbacks
  A water elemental (Elf:2)
  Sigmund (D:5)
  48 yaks
  2 vampires
  3 wyverns
  A fire elemental (Elf:2)
  5 basilisks
  8 vampire mosquitoes
  A death yak simulacrum (Lair:5)
  A steam dragon (D:14)
  Edmund (D:5)
  2 acid dragons
  4 wargs
  A hydra simulacrum (Lair:5)
  5 porcupines
  9 water moccasins
  3 eyes of draining
  3 ice beasts
  32 orc warriors
  2 black bears
  11 ogres
  A black mamba simulacrum (Lair:5)
  A sky beast (D:14)
  7 phantoms
  A necrophage (D:8)
  4 wolves (Lair:1)
  3 lemures
  12 centaurs
  7 crocodiles
  3 elf zombies (Ossuary)
  18 bullfrogs
  3 big kobolds
  2 earth elementals
  A wyvern zombie (D:8)
  2 wyvern skeletons
  8 scorpions
  A water moccasin skeleton (D:6)
  15 killer bees
  5 wights (D:10)
  2 electric eels
  A howler monkey (D:8)
  A komodo dragon simulacrum (Lair:5)
  A lava snake (D:10)
  A quasit (D:8)
  7 centaur zombies
  4 bullfrog zombies
  7 hounds
  5 human zombies
  23 orc priests
  4 bullfrog skeletons
  3 jellies
  8 centaur skeletons
  2 human skeletons (D:8)
  7 iguanas
  30 orc wizards
  A polar bear simulacrum (Lair:5)
  14 worker ants
  A killer bee zombie (D:7)
  A hound skeleton (D:4)
  4 mummies
  4 worker ant zombies
  4 gnolls
  17 adders
  14 white imps
  2 ufetubi
  An ooze (D:5)
  An adder skeleton (D:8)
  2 worms (D:2)
  3 dart slugs (D:2)
  7 leopard geckos
  84 orcs
  4 giant cockroaches
  5 goblins
  5 hobgoblins
  A quokka (D:7)
  4 ball pythons
  7 bats
  5 frilled lizards
  A jackal skeleton (D:4)
  29 kobolds
  A leopard gecko skeleton (D:5)
  2 orc skeletons (D:8)
  An orc zombie (D:8)
  9 rats
  A butterfly (Lair:4)
873 creatures vanquished.

Vanquished Creatures (collateral kills)
  An orc warlord (Orc:2)
  2 orc sorcerers (Orc:2)
  A troll (Orc:2)
  An orc warrior (Orc:2)
  An orc wizard (Orc:2)
  An orc priest (Orc:2)
  4 orcs (Orc:2)
11 creatures vanquished.

Vanquished Creatures (others)
  A bullfrog zombie (D:11)
  An orc wizard (Orc:1)
  An orc (D:11)
  17 fungi
  34 plants
54 creatures vanquished.

Grand Total: 938 creatures vanquished

Notes
Turn   | Place    | Note
-------+----------+-------------------------------------------
     0 | D:1      | kobby the Gnoll Monk began the quest for the Orb.
     0 | D:1      | Reached XP level 1. HP: 23/23 MP: 1/1
   198 | D:1      | Reached XP level 2. HP: 23/29 MP: 2/2
   800 | D:1      | Reached XP level 3. HP: 35/35 MP: 3/3
   888 | D:2      | Reached skill level 1 in Invocations
   963 | D:2      | Reached skill level 1 in Short Blades
   963 | D:2      | Reached skill level 1 in Long Blades
   963 | D:2      | Reached skill level 1 in Maces & Flails
   963 | D:2      | Reached skill level 1 in Polearms
   963 | D:2      | Reached skill level 1 in Staves
   963 | D:2      | Reached skill level 1 in Slings
   963 | D:2      | Reached skill level 1 in Bows
   963 | D:2      | Reached skill level 1 in Crossbows
   963 | D:2      | Reached skill level 1 in Throwing
   963 | D:2      | Reached skill level 1 in Armour
   963 | D:2      | Reached skill level 1 in Shields
   963 | D:2      | Reached skill level 1 in Unarmed Combat
   963 | D:2      | Reached skill level 1 in Spellcasting
   963 | D:2      | Reached skill level 1 in Evocations
  1044 | D:2      | Reached XP level 4. HP: 38/41 MP: 5/5
  1297 | D:2      | Gained mutation: Your muscles are strong. (Str +2) [potion
                  | of mutation]
  1297 | D:2      | Gained mutation: You occasionally shout uncontrollably at
                  | your foes. [potion of mutation]
  1297 | D:2      | Gained mutation: You are agile. (Dex +2) [potion of
                  | mutation]
  1308 | D:2      | Reached skill level 1 in Conjurations
  1308 | D:2      | Reached skill level 1 in Hexes
  1308 | D:2      | Reached skill level 1 in Summonings
  1308 | D:2      | Reached skill level 1 in Necromancy
  1308 | D:2      | Reached skill level 1 in Translocations
  1308 | D:2      | Reached skill level 1 in Transmutations
  1308 | D:2      | Reached skill level 1 in Fire Magic
  1308 | D:2      | Reached skill level 1 in Ice Magic
  1308 | D:2      | Reached skill level 1 in Air Magic
  1308 | D:2      | Reached skill level 1 in Earth Magic
  1308 | D:2      | Reached skill level 1 in Poison Magic
  1778 | D:3      | Reached XP level 5. HP: 47/47 MP: 5/7
  1830 | D:3      | Found a stormy altar of Qazlal.
  1880 | D:3      | Found an opulent altar of Gozag.
  2081 | D:3      | Became a worshipper of Qazlal Stormbringer
  2081 | D:3      | Reached * piety under Qazlal
  2081 | D:3      | Reached ** piety under Qazlal
  2446 | D:4      | Noticed a lemure
  2448 | D:4      | Noticed a lemure
  2449 | D:4      | Noticed a lemure
  2449 | D:4      | Noticed a lemure
  2450 | D:4      | Noticed Pikel
  2525 | D:3      | Killed a lemure
  2909 | D:4      | Reached XP level 6. HP: 53/53 MP: 8/8
  2924 | D:4      | Found a basalt altar of Yredelemnul.
  2930 | D:4      | Found a radiant altar of Vehumet.
  2936 | D:4      | Noticed Grinder
  2936 | D:4      | Paralysed by Grinder for 3 turns
  2954 | D:4      | Paralysed by Grinder for 5 turns
  2975 | D:4      | Killed Grinder
  3245 | D:4      | Found a staircase to the Ecumenical Temple.
  3281 | D:4      | Killed Pikel
  3281 | D:4      | Reached skill level 7 in Dodging
  3281 | D:4      | Reached skill level 5 in Stealth
  3281 | D:4      | Reached XP level 7. HP: 60/60 MP: 9/11
  3281 | D:4      | Reached XP level 8. HP: 67/67 MP: 9/12
  3336 | D:4      | Got a slimy leather armour
  3337 | D:4      | Identified the +2 leather armour of Tenacity {Harm +Fly
                  | Int+4} (You found it on level 4 of the Dungeon)
  3542 | D:4      | Found Ypiappew's Armour Shop.
  3545 | D:4      | Bought a +2 helmet of see invisible for 236 gold pieces
  3567 | D:4      | Found a burning altar of Makhleb.
  3638 | D:5      | Entered Level 5 of the Dungeon
  3697 | D:5      | Found a sacrificial altar of Ru.
  3697 | D:5      | Noticed Edmund
  3729 | D:5      | Killed Edmund
  4023 | D:5      | Noticed Sigmund
  4035 | D:5      | Killed Sigmund
  4302 | D:5      | Found an iron altar of Okawaru.
  4558 | D:6      | Reached XP level 9. HP: 73/73 MP: 14/14
  4917 | D:6      | Found a snail-covered altar of Cheibriados.
  5175 | D:7      | Noticed Prince Ribbit
  5193 | D:7      | Killed Prince Ribbit
  5352 | D:7      | Reached skill level 8 in Dodging
  5571 | D:7      | Reached *** piety under Qazlal
  5615 | D:7      | Found a sand-covered staircase.
  5678 | D:7      | Reached skill level 5 in Invocations
  5687 | D:7      | Found Wirhyc's Book Boutique.
  5709 | Ossuary  | Entered an ossuary
  5848 | Ossuary  | Reached XP level 10. HP: 55/80 MP: 17/17
  6167 | D:7      | Found a hazy altar of Hepliaklqana.
  6719 | D:8      | Reached skill level 5 in Short Blades
  6719 | D:8      | Reached skill level 5 in Long Blades
  6719 | D:8      | Reached skill level 5 in Maces & Flails
  6719 | D:8      | Reached skill level 5 in Polearms
  6719 | D:8      | Reached skill level 5 in Staves
  6719 | D:8      | Reached skill level 5 in Slings
  6719 | D:8      | Reached skill level 5 in Bows
  6719 | D:8      | Reached skill level 5 in Crossbows
  6719 | D:8      | Reached skill level 5 in Throwing
  6719 | D:8      | Reached skill level 5 in Armour
  6719 | D:8      | Reached skill level 5 in Shields
  6719 | D:8      | Reached skill level 5 in Unarmed Combat
  6719 | D:8      | Reached skill level 5 in Spellcasting
  6719 | D:8      | Reached skill level 5 in Evocations
  7810 | D:8      | Found an ancient bone altar of Kikubaaqudgha.
  7838 | D:8      | Reached **** piety under Qazlal
  8487 | D:8      | Found a shadowy altar of Dithmenos.
  8900 | D:9      | Noticed an elephant
  8907 | D:9      | Killed an elephant
  8926 | D:9      | Found a staircase to the Lair.
  8960 | D:9      | Reached XP level 11. HP: 70/87 MP: 19/19
  9009 | D:9      | Reached skill level 9 in Dodging
  9030 | D:9      | Reached skill level 5 in Conjurations
  9030 | D:9      | Reached skill level 5 in Hexes
  9030 | D:9      | Reached skill level 5 in Summonings
  9030 | D:9      | Reached skill level 5 in Necromancy
  9030 | D:9      | Reached skill level 5 in Translocations
  9030 | D:9      | Reached skill level 5 in Transmutations
  9030 | D:9      | Reached skill level 5 in Fire Magic
  9030 | D:9      | Reached skill level 5 in Ice Magic
  9030 | D:9      | Reached skill level 5 in Air Magic
  9030 | D:9      | Reached skill level 5 in Earth Magic
  9030 | D:9      | Reached skill level 5 in Poison Magic
  9331 | D:9      | Reached ***** piety under Qazlal
  9484 | D:9      | Found a glowing silver altar of Zin.
  9595 | D:9      | Found a bloodstained altar of Trog.
  9657 | D:9      | Noticed a two-headed ogre
  9665 | D:9      | Killed a two-headed ogre
  9670 | D:9      | Found a sparkling altar of Nemelex Xobeh.
 10281 | D:10     | Entered Level 10 of the Dungeon
 10478 | D:10     | Noticed Urug
 10506 | D:10     | Killed Urug
 11672 | D:11     | Noticed Josephine
 11694 | D:11     | Killed Josephine
 11761 | D:11     | Reached XP level 12. HP: 9/96 MP: 22/22
 12538 | D:12     | Noticed a two-headed ogre
 12543 | D:12     | Killed a two-headed ogre
 12661 | D:12     | Found a staircase to the Orcish Mines.
 12879 | D:12     | Got a pair of shimmering boots
 12880 | D:12     | Identified the cursed +0 pair of boots "Oleyt" {Harm Int+6
                  | Dex-4} (You found it on level 12 of the Dungeon)
 12938 | D:12     | Reached ****** piety under Qazlal
 13654 | D:12     | Noticed Snorg
 13685 | D:12     | Killed Snorg
 13693 | D:12     | Reached skill level 10 in Fighting
 13693 | D:12     | Reached skill level 10 in Axes
 13693 | D:12     | Reached skill level 10 in Dodging
 14082 | D:12     | Found Saink's General Store.
 14630 | D:13     | Found a frozen archway.
 14631 | D:13     | Noticed a five-headed hydra
 14640 | D:13     | Noticed a yaktaur captain
 14644 | D:13     | Killed a five-headed hydra
 14647 | D:13     | Reached XP level 13. HP: 83/103 MP: 24/24
 14666 | D:13     | Killed a yaktaur captain
 14745 | D:13     | Found a gate to the Vaults.
 14782 | D:13     | Found Zeomp's Distillery.
 14852 | D:13     | Found the +6 arbalest "Damnation" {damnation}
 15119 | Lair:1   | Entered Level 1 of the Lair of Beasts
 15130 | Lair:1   | Noticed Gastronok
 15153 | Lair:1   | Killed Gastronok
 16675 | Lair:2   | You fall into a shaft and drop 2 floors!
 17259 | Lair:4   | Got a twisted robe
 17278 | Lair:4   | Identified the +3 robe "Izupaif" {rC- rCorr Int+2 Slay+5}
                  | (You found it on level 4 of the Lair of Beasts)
 17373 | Lair:4   | Found a staircase to the Shoals.
 17891 | Lair:5   | Reached XP level 14. HP: 84/111 MP: 26/26
 18235 | Lair:5   | Reached skill level 11 in Dodging
 18358 | Lair:5   | Found a runed translucent gate.
 18359 | Lair:5   | Found a runed translucent gate.
 18360 | Lair:5   | Found a runed translucent gate.
 18624 | Lair:5   | Reached skill level 10 in Stealth
 18713 | Lair:5   | Found a viscous altar of Jiyva.
 18713 | Lair:5   | Found a staircase to the Slime Pits.
 18918 | Lair:5   | Noticed Libboc's ghost (journeyman DEFE)
 18953 | Lair:6   | Entered Level 6 of the Lair of Beasts
 19012 | Lair:6   | Reached skill level 10 in Invocations
 19362 | Lair:6   | Found a snail-covered altar of Cheibriados.
 19990 | Lair:6   | Got a pair of steaming boots
 19991 | Lair:6   | Identified the +1 pair of boots of Subjectivity {rF+ rN+}
                  | (You found it on level 6 of the Lair of Beasts)
 20822 | Lair:6   | Reached XP level 15. HP: 119/119 MP: 28/28
 20905 | Lair:6   | Got an ancient scale mail
 20906 | Lair:6   | Identified the +0 scale mail of the Lute {+Fly rF- Regen+
                  | Str+4} (You found it on level 6 of the Lair of Beasts)
 21495 | Lair:3   | Noticed Sonja
 21498 | Lair:3   | Killed Sonja
 21568 | Lair:3   | Learned a level 5 spell: Lightning Bolt
 21571 | Lair:3   | Learned a level 2 spell: Swiftness
 22582 | Lair:2   | Found a hole to the Spider Nest.
 22938 | Orc:1    | Entered Level 1 of the Orcish Mines
 23013 | Orc:1    | Found a transporter.
 23017 | Orc:1    | Noticed Xanase's ghost (journeyman DDFi)
 23028 | Orc:1    | Found a transporter.
 23459 | Orc:2    | Entered Level 2 of the Orcish Mines
 23747 | Orc:2    | Noticed an orc warlord
 23756 | Orc:2    | Killed an orc warlord
 23756 | Orc:2    | Reached skill level 10 in Short Blades
 23756 | Orc:2    | Reached skill level 10 in Long Blades
 23756 | Orc:2    | Reached skill level 10 in Maces & Flails
 23756 | Orc:2    | Reached skill level 10 in Polearms
 23756 | Orc:2    | Reached skill level 10 in Staves
 23756 | Orc:2    | Reached skill level 10 in Slings
 23756 | Orc:2    | Reached skill level 10 in Bows
 23756 | Orc:2    | Reached skill level 10 in Crossbows
 23756 | Orc:2    | Reached skill level 10 in Throwing
 23756 | Orc:2    | Reached skill level 10 in Armour
 23756 | Orc:2    | Reached skill level 10 in Shields
 23756 | Orc:2    | Reached skill level 10 in Unarmed Combat
 23756 | Orc:2    | Reached skill level 10 in Spellcasting
 23756 | Orc:2    | Reached skill level 10 in Evocations
 23822 | Orc:2    | Found a staircase to the Elven Halls.
 24308 | Orc:2    | Found Zuost's Weapon Shop.
 24312 | Orc:2    | Found Boxzieg's Distillery.
 24318 | Orc:2    | Found Diuloa's Gadget Shoppe.
 24320 | Orc:2    | Found Ykaros's Jewellery Shop.
 24328 | Orc:2    | Bought an uncursed amulet of regeneration for 420 gold
                  | pieces
 24464 | Orc:2    | Bought the +8 long sword "Virar" {drain, rN+} for 862 gold
                  | pieces
 24516 | Elf:1    | Entered Level 1 of the Elven Halls
 24660 | Orc:2    | Found a roughly hewn altar of Beogh.
 24983 | Elf:1    | Reached skill level 12 in Dodging
 25218 | D:14     | Noticed Nessos
 25235 | D:14     | Killed Nessos
 26186 | D:15     | Entered Level 15 of the Dungeon
 26200 | D:15     | Noticed Louise
 26222 | D:15     | Paralysed by a wizard for 4 turns
 26232 | D:15     | Killed Louise
 26278 | D:15     | Reached XP level 16. HP: 127/127 MP: 28/30
 26543 | D:15     | Found Ehor's General Store.
 26706 | D:15     | Found a staircase to the Depths.
 27264 | Spider:1 | Entered Level 1 of the Spider Nest
 27274 | Spider:1 | Noticed Jorgrun
 27417 | Lair:2   | Killed Jorgrun
 28917 | Lair:5   | Killed Libboc's ghost
 29149 | Orc:1    | Paralysed by an orc sorcerer for 4 turns
 29157 | Orc:1    | Killed Xanase's ghost
 29504 | Elf:1    | Identified the Almanac of Attacks
 29516 | Elf:1    | Learned a level 5 spell: Iskenderun's Battlesphere
 30337 | Elf:2    | Found Yclueh's Book Boutique.
 30350 | Elf:2    | Bought the Volume of the Burning Escort for 1379 gold
                  | pieces
 30377 | Elf:2    | Learned a level 3 spell: Summon Guardian Golem
 30395 | Elf:2    | Found Xotuator's Jewellery Boutique.
 30403 | Elf:2    | Bought the ring "Bakouxke" {rPois rC- MR+++ Int-2 SInv} for
                  | 524 gold pieces
 30459 | Elf:2    | Reached XP level 17. HP: 109/135 MP: 30/32
 30523 | Elf:2    | Found Ovviynie's Weapon Emporium.
 30581 | Elf:2    | Found Ogor's Weapon Emporium.
 30756 | Elf:2    | Found a huge runed translucent gate.
 30756 | Elf:2    | Found a huge runed translucent gate.
 30756 | Elf:2    | Found a huge runed translucent gate.
 30756 | Elf:2    | Found a huge runed translucent gate.
 30758 | Elf:2    | Found a huge runed translucent gate.
 30844 | Elf:2    | Found Ipluf's Gadget Shoppe.
 30844 | Elf:2    | Found Atilieb's Jewellery Shop.
 30845 | Elf:2    | Found Qoik's Gadget Shoppe.
 31189 | Elf:2    | Reached skill level 13 in Dodging
 31354 | Elf:2    | Noticed a deep elf blademaster
 31420 | Elf:2    | HP: 5/135 [+0 vorpal war axe (19)]
 31422 | Elf:1    | Slain by a +0 vorpal war axe

Illustrated notes

Levels and vault maps discovered:
D:1:      dpeg_arrival_shelter, layout_loops_ring, serial_rivers,
          chequers_serial_rivers_marsh, chequers_serial_rivers_marsh,
          chequers_serial_rivers_small_3, chequers_serial_rivers_small_b,
          chequers_serial_rivers_micro_a
D:2:      minmay_general_purpose_star, layout_rooms
D:3:      layout_basic, nicolae_gozag_cash_rules_everything_around_me,
          lemuel_round_altar, minmay_misc_feat_nine_boxes
D:4:      layout_rooms, kennysheep_mini_moat, grunt_temple_overflow_open,
          minmay_temple_entry_statues_pillars, serial_shops,
          nicolae_shop_behind_doors, minmay_pentangle, uniq_pikel, uniq_grinder
D:5:      layout_loops_cross, lemuel_coloured_pillars_altar,
          nicolae_ru_great_annihilating_truth, uniq_edmund, uniq_sigmund,
          uniq_menkaure
D:6:      layout_cave_pools, marbit_many_paths
D:7:      layout_basic, lemuel_crystal_altar, serial_shops, nicolae_shop_trees,
          nicolae_ossuary_entry_false_entrances, amethyst_killhole,
          uniq_prince_ribbit1
D:8:      layout_cave_pods, lemuel_doored_altar,
          lemuel_mausoleum_altar_kikubaaqudgha
D:9:      layout_long_grid, zin_statuary, lemuel_crystal_altar, bloody_trog,
          david_lair_generic, special_room [special_room_orc]
D:10:     layout_loops_cross, kennysheep_cross_bottleneck, uniq_urug
D:11:     layout_loops_cross, uniq_josephine
D:12:     layout_loops_corners, erik_orc_3, special_room [special_room_orc],
          serial_shops, kennysheep_little_box, uniq_snorg
D:13:     layout_rooms, david_vaults_2, portal_ice_cave_entry_imps,
          serial_shops, shop
D:14:     layout_cave_pods, minivault_19, uniq_nessos
D:15:     grunt_enter_depths_snipers, layout_irregular_city, serial_shops, shop,
          chequers_serial_rivers_micro_b, lemuel_nasty_fountain, uniq_louise
Lair:1:   statuecave_lemuel, layout_cave_shapes, gammafunk_lair_bear_cave,
          uniq_gastronok
Lair:2:   layout_chaotic_city, spider_nest_entry_funnel_web, minmay_holes,
          serial_bayou_shore_a
Lair:3:   layout_layer_cave, grunt_megastairs_3, uniq_sonja
Lair:4:   layout_concentric_octagons, elwin_shoals_entry_rooms,
          grunt_megastairs_4, lemuel_fruit_fields
Lair:5:   layout_loops_ring, dpeg_slime_entry_enclosed_altar,
          gauntlet_entry_generic, gammafunk_ghost_icy
Lair:6:   evilmike_catoblepas_cave, layout_regular_city,
          kennysheep_snail_temple, infiniplex_staircase_pool_2
Spider:1: layout_spider_delve, uniq_jorgrun
Orc:1:    layout_caves, gammafunk_ghost_arena
Orc:2:    st_orc_elflike, layout_caves, minmay_orc_temple_b
Elf:1:    elf_arrival_002, layout_geoelf_octagon, minmay_elf_annihilation,
          due_unseen_surprise
Elf:2:    layout_loops_cross, serial_shops, nicolae_shop_waterfront, shop_coins,
          shop, shop, portal_desolation_entry_twin_temple,
          statue_in_the_mist_lemuel, minmay_shop_grove

Skill      XL: |  1  2  3  4  5  6  7  8  9 10 11 12 13 14 15 16 17 |
---------------+----------------------------------------------------+-----
Invocations    | 1 2 3 4 5 6 7 8 9 10 11 12 | 12.2
Short Blades   | 1 2 3 4 5 6 7 8 9 10 11 | 11.3
Long Blades    | 1 2 3 4 5 6 7 8 9 10 11 | 11.3
Maces & Flails | 1 2 3 4 5 6 7 8 9 10 11 | 11.3
Polearms       | 1 2 3 4 5 6 7 8 9 10 11 | 11.3
Staves         | 1 2 3 4 5 6 7 8 9 10 11 | 11.3
Slings         | 1 2 3 4 5 6 7 8 9 10 11 | 11.3
Bows           | 1 2 3 4 5 6 7 8 9 10 11 | 11.3
Crossbows      | 1 2 3 4 5 6 7 8 9 10 11 | 11.3
Throwing       | 1 2 3 4 5 6 7 8 9 10 11 | 11.3
Armour         | 1 2 3 4 5 6 7 8 9 10 11 | 11.3
Shields        | 1 2 3 4 5 6 7 8 9 10 11 | 11.3
Unarmed Combat | 1 2 3 4 5 6 7 8 9 10 11 | 11.3
Spellcasting   | 1 2 3 4 5 6 7 8 9 10 11 | 11.3
Evocations     | 1 2 3 4 5 6 7 8 9 10 11 | 11.3
Conjurations   | 1 2 3 4 5 6 7 8 9 |  9.7
Hexes          | 1 2 3 4 5 6 7 8 9 |  9.7
Summonings     | 1 2 3 4 5 6 7 8 9 |  9.7
Necromancy     | 1 2 3 4 5 6 7 8 9 |  9.7
Translocations | 1 2 3 4 5 6 7 8 9 |  9.7
Transmutations | 1 2 3 4 5 6 7 8 9 |  9.7
Fire Magic     | 1 2 3 4 5 6 7 8 9 |  9.7
Ice Magic      | 1 2 3 4 5 6 7 8 9 |  9.7
Air Magic      | 1 2 3 4 5 6 7 8 9 |  9.7
Earth Magic    | 1 2 3 4 5 6 7 8 9 |  9.7
Poison Magic   | 1 2 3 4 5 6 7 8 9 |  9.7
Fighting       | 7 8 9 10 11 12 | 12.8
Axes           | 7 8 9 10 11 12 | 12.8
Dodging        | 7 8 9 10 11 12 13 | 13.0
Stealth        | 5 6 7 8 9 10 11 12 | 12.0

Action                   |  1- 3 |  4- 6 |  7- 9 | 10-12 | 13-15 | 16-18 || total
-------------------------+-------+-------+-------+-------+-------+-------++-------
Melee: Hand axe          |   111 |   174 |       |       |       |       ||   285
       Bite              |    12 |    26 |    51 |   181 |   218 |    99 ||   587
       Punch             |       |     2 |     5 |     6 |       |       ||    13
       Whip              |       |       |   313 |  1174 |   961 |       ||  2448
       Long sword        |       |       |       |       |   163 |   448 ||   611
 Cast: Lightning Bolt    |       |       |       |       |     5 |       ||     5
       Swiftness         |       |       |       |       |     1 |       ||     1
       Summon Guardian G |       |       |       |       |       |     4 ||     4
       Iskenderun's Batt |       |       |       |       |       |     1 ||     1
Invok: Disaster Area     |       |       |       |       |       |     1 ||     1
Evoke: Wand              |       |     3 |     1 |     4 |    27 |     9 ||    44
  Use: Scroll            |       |     5 |     2 |    11 |    22 |     5 ||    45
       Potion            |       |     2 |       |    22 |     4 |     5 ||    33
 Stab: Sleeping          |     3 |       |       |       |       |       ||     3
       Paralysed         |       |       |     1 |       |     2 |       ||     3
       Invisible         |       |       |       |    22 |       |       ||    22
       Distracted        |       |       |       |       |     1 |       ||     1
Armor: Chain mail        |    39 |    68 |   131 |   293 |   111 |       ||   642
       Skin              |       |       |       |    19 |       |       ||    19
       Robe              |       |       |       |       |    86 |    97 ||   183
Dodge: Dodged            |    61 |    74 |   187 |   453 |   484 |   356 ||  1615
       Repelled          |       |       |     2 |     3 |    14 |     8 ||    27
Block: Other             |       |     2 |    36 |    37 |       |       ||    75
       Buckler           |       |       |       |   470 |   783 |   432 ||  1685
       Reflection        |       |       |       |       |    15 |       ||    15
       Rpst.: Long sword |       |       |       |       |    20 |    71 ||    91

Table legend: (Time is in decaauts)
 A = Elapsed time spent in this place.
 B = Non-inter-level travel time spent in this place.
 C = Inter-level travel time spent in this place.
 D = Time resting spent in this place.
 E = Time spent auto-exploring this place.
 F = Levels seen in this place.
 G = Mean time per level.
                   A        B        C        D        E       F      G
               +--------+--------+--------+--------+--------+-----+--------+
         Total |  30829 |  29330 |   1499 |   4666 |  17686 |  27 | 1141.8 |
       Dungeon |  16670 |  15679 |    991 |   2302 |   9879 |  15 | 1111.3 |
          Lair |   8438 |   8117 |    321 |   1328 |   5093 |   6 | 1406.3 |
   Spider Nest |    973 |    921 |     52 |    227 |    427 |   1 |  973.0 |
  Orcish Mines |   2290 |   2157 |    133 |    453 |   1101 |   2 | 1145.0 |
   Elven Halls |   2130 |   2130 |      0 |    356 |   1006 |   2 | 1065.0 |
       Ossuary |    326 |    326 |      0 |      0 |    179 |   1 |  326.0 |
               +--------+--------+--------+--------+--------+-----+--------+

Top non-repeatable levels by time:
     D:8: 2215 daAuts
    D:12: 1748 daAuts
  Lair:6: 1653 daAuts
  Lair:2: 1593 daAuts
  Lair:5: 1547 daAuts
     D:9: 1393 daAuts
  Lair:3: 1362 daAuts
   Orc:2: 1286 daAuts
    D:10: 1274 daAuts
     D:7: 1245 daAuts
  Lair:4: 1225 daAuts
   Elf:2: 1158 daAuts
     D:3: 1147 daAuts
  Lair:1: 1056 daAuts
    D:14: 1047 daAuts
